 Dungeon Crawl Stone Soup version 0.23-a0-650-ga4d50d4d25 (webtiles) character file.

3920 Notair the Spear-Bearer (level 10, -5/91 HPs)
             Began as a Minotaur Gladiator on Jan 3, 2019.
             Was an Elder of Okawaru.
             Slain by a two-headed ogre
             ... wielding a +0 giant club
              (19 damage)
             ... on level 10 of the Dungeon on Jan 4, 2019.
             The game lasted 00:30:11 (8668 turns).

Notair the Spear-Bearer (Minotaur Gladiator)        Turns: 8668, Time: 00:30:12

Health: -5/91      AC: 14    Str: 19    XL:     10   Next: 1%
Magic:  9/9        EV:  9    Int:  8    God:    Okawaru [****..]
Gold:   522        SH:  0    Dex: 12    Spells: 9/9 levels left

rFire    . . .     SeeInvis .   a - +0 trident
rCold    . . .     Gourm    .   (no shield)
rNeg     . . .     Faith    .   M - +0 chain mail
rPois    .         Spirit   .   c - +0 hat
rElec    .         Reflect  .   v - +0 cloak
rCorr    .         Harm     .   (no gloves)
MR       .....                  J - +1 pair of boots
Stlth    ..........             (no amulet)
HPRegen  0.25/turn              (no ring)
MPRegen  0.11/turn              (no ring)

@: no status effects
A: retaliatory headbutt, horns 2
a: Heroism, Renounce Religion


You were on level 10 of the Dungeon.
You worshipped Okawaru.
Okawaru was greatly pleased with you.
You were not hungry.

You visited 2 branches of the dungeon, and saw 11 of its levels.

You collected 577 gold pieces.
You spent 55 gold pieces at shops.

Inventory:

Hand Weapons
 a - a +0 trident (weapon)
 T - a cursed +3 trident
Missiles
 g - 251 stones (quivered)
 Q - a throwing net
Armour
 c - a +0 hat (worn)
 v - a +0 cloak (worn)
 x - a +0 shield
 J - a +1 pair of boots (worn)
 M - a +0 chain mail (worn)
Jewellery
 r - an uncursed ring of resist corrosion {unknown}
 t - an uncursed ring of stealth {unknown}
 y - an uncursed ring of see invisible {unknown}
 z - an uncursed ring of poison resistance {unknown}
 D - an uncursed ring of wizardry {unknown}
 G - an uncursed ring of fire {unknown}
 K - an uncursed amulet of the acrobat {unknown}
 P - an uncursed amulet of guardian spirit {unknown}
 R - a cursed amulet of inaccuracy {unknown}
Wands
 d - a wand of clouds (3)
 A - a wand of flame (29)
 I - a wand of random effects (16)
Scrolls
 b - 16 scrolls of identify
 i - a scroll of enchant armour {unknown}
 k - 6 scrolls of remove curse
 l - a scroll of fear
 o - 2 scrolls of magic mapping
 p - a scroll of fog
 q - 2 scrolls of teleportation
 w - a scroll of amnesia {unknown}
 B - 2 scrolls of enchant weapon {unknown}
 C - 2 scrolls of blinking {unknown}
 N - a scroll of random uselessness {unknown}
Potions
 e - 2 potions of magic
 h - 3 potions of lignification
 j - 3 potions of might
 m - 5 potions of curing
 n - a potion of brilliance {unknown}
 s - a potion of berserk rage {unknown}
 u - 3 potions of heal wounds
 E - 2 potions of flight {unknown}
 F - a potion of invisibility {unknown}
 H - a potion of mutation {unknown}
 L - a potion of resistance {unknown}
 O - a potion of haste {unknown}
 S - a potion of cancellation {unknown}
Comestibles
 f - 21 rations


   Skills:
 + Level 9.0 Fighting
 * Level 12.4 Polearms
 - Level 2.0 Throwing
 + Level 8.5 Armour
 - Level 3.2 Dodging


You had 9 spell levels left.
You didn't know any spells.
Your spell library contained the following spells:

 Spells                   Type           Power        Failure   Level  Hunger
 Sandblast                Erth           #.....       98%         1    ##.....
 Passwall                 Tmut/Erth      #.......     99%         2    ###....
 Stone Arrow              Conj/Erth      #.....       100%        3    ####...
 Petrify                  Tmut/Erth      #.......     100%        4    #####..
 Lee's Rapid Deconstruct  Erth           #.........   100%        5    ######.


Dungeon Overview and Level Annotations

Branches:
Dungeon (10/15)            Temple (1/1) D:5
   Lair: D:8-11         Orc: D:9-12

Altars:
Ashenzari
Cheibriados
Dithmenos
Elyvilon
Fedhas
Gozag
Hepliaklqana
Kikubaaqudgha
Makhleb
Nemelex Xobeh
Okawaru
Qazlal
Ru
Sif Muna
Trog
Uskayaw
Vehumet
Wu Jian
Xom
Yredelemnul
Zin
The Shining One

Shops:
D:5 !


Innate Abilities, Weirdness & Mutations

You reflexively headbutt those who attack you in melee.
You have a pair of horns on your head.


Message History

The two-headed ogre barely misses you.
You hit the two-headed ogre but do no damage.
You headbutt the two-headed ogre, but do no damage.
The two-headed ogre is severely wounded.
The wyvern zombie bites you but does no damage.
You barely miss the two-headed ogre.
The two-headed ogre is severely wounded.
The wyvern zombie barely misses you. You furiously retaliate!
You headbutt the wyvern zombie! The two-headed ogre misses you.
You furiously retaliate!
You headbutt the two-headed ogre!
The two-headed ogre hits you with a +0 giant club!
* * * LOW HITPOINT WARNING * * *
You hit the two-headed ogre.
Your headbutt misses the two-headed ogre.
The two-headed ogre is almost dead.
The wyvern zombie bites you!
* * * LOW HITPOINT WARNING * * *
Unknown command.
The two-headed ogre hits you with a +0 giant club!!
You die...

#........#
#........##
#........#.
#........#.
#.......##.
#..........## .#
#.......###.###.#
####.)..Z@.#.#
.#..:...[O#.#.#
#.......=#)#.#.#
#....####.#.#.#.#
#..#. #.#.#.#.#
.. # #.#..<..# #
#.####### #.. #.#


You could see a two-headed ogre and a wyvern zombie.

Vanquished Creatures
  Eustachio (D:6)
  A hungry ghost (D:10)
  2 ice beasts (D:7)
  A black bear (D:8)
  2 orc warriors
  2 sky beasts
  A phantom (D:8)
  5 ogres
  4 centaurs
  A big kobold (D:9)
  3 bullfrogs
  2 scorpions
  12 wights
  2 electric eels (D:9)
  3 howler monkeys
  3 crimson imps
  A bullfrog zombie (D:5)
  A centaur zombie (D:9)
  A quasit (D:8)
  4 jellies
  2 bullfrog skeletons
  2 orc priests
  5 hounds
  4 iguanas
  5 orc wizards
  3 worker ants
  A hound skeleton (D:8)
  12 adders
  A howler monkey skeleton (D:5)
  5 oozes (D:8)
  An adder skeleton (D:9)
  2 adder zombies
  A worm (D:3)
  2 dart slugs
  3 leopard geckos
  15 orcs
  3 bats
  4 giant cockroaches
  9 goblins
  4 hobgoblins
  12 jackals
  A quokka (D:2)
  A frilled lizard (D:4)
  10 kobolds
  A leopard gecko skeleton (D:6)
  5 rats
  A plant (D:9)
167 creatures vanquished.

Vanquished Creatures (others)
  A hound (D:5)
1 creature vanquished.

Grand Total: 168 creatures vanquished

Notes
Turn   | Place    | Note
-------+----------+-------------------------------------------
     0 | D:1      | Notair the Minotaur Gladiator began the quest for the Orb.
     0 | D:1      | Reached XP level 1. HP: 18/18 MP: 0/0
   343 | D:1      | Reached skill level 4 in Polearms
   350 | D:1      | Reached XP level 2. HP: 25/25 MP: 1/1
   683 | D:2      | Reached skill level 1 in Armour
   762 | D:2      | Reached XP level 3. HP: 31/31 MP: 2/2
  1399 | D:3      | Reached skill level 5 in Polearms
  1399 | D:3      | Reached XP level 4. HP: 38/38 MP: 3/3
  1869 | D:4      | Reached XP level 5. HP: 31/46 MP: 4/4
  2222 | D:4      | Reached skill level 6 in Polearms
  2249 | D:4      | Noticed an ogre
  2254 | D:4      | Killed an ogre
  2254 | D:4      | Reached XP level 6. HP: 53/53 MP: 5/5
  2589 | D:5      | Entered Level 5 of the Dungeon
  2623 | D:5      | Found a white marble altar of Elyvilon.
  2650 | D:5      | Found a glowing golden altar of the Shining One.
  2675 | D:5      | Noticed a sky beast
  2691 | D:5      | Killed a sky beast
  2726 | D:5      | Reached skill level 7 in Polearms
  2873 | D:5      | Found Jigok's Distillery.
  2878 | D:5      | Reached skill level 5 in Fighting
  2889 | D:5      | Bought a potion of heal wounds for 55 gold pieces
  3096 | D:5      | Found a staircase to the Ecumenical Temple.
  3105 | Temple   | Entered the Ecumenical Temple
  3215 | Temple   | Became a worshipper of Warmaster Okawaru
  3349 | D:6      | Reached XP level 7. HP: 61/61 MP: 6/6
  3819 | D:6      | Noticed Eustachio
  3824 | D:6      | Reached skill level 8 in Polearms
  4597 | D:6      | Killed Eustachio
  4597 | D:6      | Reached * piety under Okawaru
  4597 | D:6      | Reached skill level 5 in Armour
  4971 | D:7      | Reached XP level 8. HP: 13/70 MP: 7/7
  5359 | D:7      | Reached skill level 9 in Polearms
  5379 | D:7      | Reached ** piety under Okawaru
  6074 | D:7      | Reached skill level 10 in Polearms
  6604 | D:8      | Reached XP level 9. HP: 57/79 MP: 8/8
  6711 | D:8      | Reached *** piety under Okawaru
  6711 | D:8      | Reached skill level 11 in Polearms
  7021 | D:8      | HP: 3/81 [acid (11)]
  7951 | D:9      | Reached skill level 12 in Polearms
  8300 | D:9      | Reached **** piety under Okawaru
  8611 | D:10     | Entered Level 10 of the Dungeon
  8647 | D:10     | Noticed a two-headed ogre
  8656 | D:10     | Reached XP level 10. HP: 75/91 MP: 9/9
  8668 | D:10     | Slain by a two-headed ogre

Vault maps used:
D:1:      lightli_molten_gateway, kennysheep_doodads, minivault_26,
          kennysheep_decorative_pillar
D:2:      first_ration
D:4:      minmay_stone_trees_medium, kennysheep_big_empty_room,
          kennysheep_generic_room_6
D:5:      tso_metal_star, lemuel_temple_firewalk_b, serial_shops,
          shop_fountains, elyvilon_altar_4
D:6:      uniq_eustachio
D:7:      cheibrodos_barr_body
D:8:      hangedman_little_slice_of_home
D:9:      serial_bayou, serial_bayou_shore_a, serial_bayou_lagoon_a,
          serial_bayou_pond_e, serial_bayou_pond_c, grunt_ministairs_4
D:10:     statuecave_lemuel, basic_altar
Temple:   kilobyte_greek_temple

Skill      XL: |  1  2  3  4  5  6  7  8  9 |
---------------+----------------------------+-----
Polearms       | 4 5 6 7 8 10 12 | 12.4
Armour         | 1 2 3 4 5 6 8 |  8.5
Fighting       | 3 4 5 6 7 9 |  9.0
Throwing       | |  2.0
Dodging        | |  3.2

Action                   |  1- 3 |  4- 6 |  7- 9 | 10-12 || total
-------------------------+-------+-------+-------+-------++-------
Melee: Trident           |    83 |   103 |   502 |     9 ||   697
       Headbutt          |     9 |    23 |    72 |     4 ||   108
Throw: Stone             |    43 |     1 |     8 |       ||    52
       Throwing net      |     1 |       |     4 |       ||     5
Evoke: Wand              |       |       |     2 |       ||     2
  Use: Scroll            |     6 |     1 |     3 |       ||    10
       Potion            |       |       |     1 |       ||     1
 Stab: Distracted        |     1 |       |       |       ||     1
  Eat: Chunk             |     2 |     5 |    13 |       ||    20
       Ration            |       |       |     1 |     1 ||     2
Armor: Leather armour    |     4 |       |       |       ||     4
       Ring mail         |     9 |    28 |    36 |       ||    73
       Chain mail        |       |       |   117 |     6 ||   123
Dodge: Dodged            |    38 |    43 |   154 |     5 ||   240

Table legend:
 A = Non-vault XP
 B = Vault XP
 C = Vault XP percentage of total XP
 D = Non-vault monster count
 E = Vault monster count
 F = Vault count percentage of total count
                 A         B        C        D         E       F
            +---------+---------+-------+---------+---------+-------
      Total |    4673 |     927 |  16.6 |     147 |      19 |  11.4
            +---------+---------+-------+---------+---------+-------
        D:1 |      13 |       0 |   0.0 |       7 |       0 |   0.0
        D:2 |      43 |       0 |   0.0 |      13 |       0 |   0.0
        D:3 |     102 |       0 |   0.0 |      25 |       0 |   0.0
        D:4 |     259 |       2 |   0.8 |      13 |       1 |   7.1
        D:5 |     304 |       0 |   0.0 |      11 |       0 |   0.0
        D:6 |     388 |     196 |  33.6 |       9 |       1 |  10.0
        D:7 |     986 |     498 |  33.6 |      17 |       8 |  32.0
        D:8 |    1035 |     161 |  13.5 |      17 |       8 |  32.0
        D:9 |    1142 |      70 |   5.8 |      30 |       1 |   3.2
       D:10 |     401 |       0 |   0.0 |       5 |       0 |   0.0
            +---------+---------+-------+---------+---------+-------
